 Dungeon Crawl Stone Soup version 0.29-a0-330-g52719c12eb (webtiles) character file.

Game seed: 13300539816632292146

133 kae the Firebug (level 4, -10/33 HPs)
             Began as a Demigod Fire Elementalist on May 24, 2022.
             Killed from afar by Ijyb (12 damage)
             ... with a bolt of acid
             ... on level 3 of the Dungeon.
             The game lasted 00:01:47 (3125 turns).

kae the Firebug (Demigod Fire Elementalist)         Turns: 3125, Time: 00:01:48

Health: -10/33     AC:  2    Str:  8 (9)  XL:     4   Next: 63%
Magic:  3/10       EV: 12    Int: 21      God:
Gold:   96         SH:  0    Dex: 19 (20) Spells: 1/7 levels left

rFire   . . .      SeeInvis .   (no weapon)
rCold   . . .      Faith    .   (no shield)
rNeg    . . .      Spirit   .   a - +0 robe
rPois   .          Reflect  .   (no helmet)
rElec   .          Harm     .   (no cloak)
rCorr   .          Rampage  .   (no gloves)
Will    .....                   (no boots)
Stlth   ++........              (no amulet)
HPRegen 0.11/turn               c - +6 ring of dexterity
MPRegen 0.12/turn               (no ring)

@: no status effects
A: high MP 1, forlorn, divine attributes
a: no special abilities


You were on level 3 of the Dungeon.
You visited 1 branch of the dungeon, and saw 3 of its levels.

You collected 159 gold pieces.
You spent 63 gold pieces at shops.

Inventory:

Armour
 a - a +0 robe (worn)
 r - a +0 buckler
Jewellery
 c - a +6 ring of dexterity (left hand)
 h - a ring of protection from cold
 n - an amulet of reflection
 p - a ring of protection from cold
Scrolls
 e - a scroll of immolation {unknown}
 f - 2 scrolls of identify {unknown}
 g - a scroll of enchant weapon {unknown}
 i - 2 scrolls of fog {unknown}
 j - a scroll of summoning {unknown}
 k - a scroll of vulnerability {unknown}
 m - 2 scrolls of fear {unknown}
 o - a scroll of silence {unknown}
 q - a scroll of amnesia {unknown}
Potions
 b - a potion of curing
 l - a potion of degeneration


   Skills:
 - Level 1.7 Dodging
 - Level 1.7 Stealth
 + Level 2.4 Spellcasting
 * Level 2.7 Conjurations
 * Level 3.9 Fire Magic


You had one spell level left.
You knew the following spells:

 Your Spells              Type           Power      Damage    Failure   Level
a - Foxfire               Conj/Fire      64%        2x1d7     3%          1
b - Scorch                Fire           36%        2d7       4%          2
c - Conjure Flame         Conj/Fire      16%        6-21      11%         3

Your spell library contained the following spells:

 Spells                   Type           Power      Damage    Failure   Level
 Inner Flame              Hex/Fire       10%        N/A       19%         3
 Stone Arrow              Conj/Erth      16%        3d8       24%         3
 Flame Wave               Conj/Fire      16%        2d6       34%         4
 Animate Armour           Summ/Erth      4%         N/A       80%         4
 Lehudib's Crystal Spear  Conj/Erth      4%         10d3      100%        8


Dungeon Overview and Level Annotations

Branches:
Dungeon (3/15)

Shops:
D:1 ?   D:3 [

Annotations:
D:3 2 transporters, Ijyb; kae's ghost, amateur DrTm


Innate Abilities, Weirdness & Mutations

You have an increased reservoir of magic. (+10% MP)
You shall have no god before yourself.
Your divine heritage dramatically boosts your attributes as you level up.


Message History

There is an open door here.
Found a stone staircase leading down.
There is a stone staircase leading down here.
Found an escape hatch in the ceiling.
The gnoll shouts!
Kae's ghost turns its malevolent gaze towards you.
The orc shouts!
Key pressed, stopping explore.
Kae's ghost shouts, "Death is your only future!"
Found a transporter.
You open the door.
Ijyb the Twisted Goblin comes into view.
She is wielding a +0 dagger and carrying a wand of acid (9).
Ijyb shouts!
Ijyb screams, "No!
No, no, no, no!"
Ijyb is nearby!
Ijyb is nearby!
Casting: Foxfire (safe; 3% risk of failure)
Confirm with . or Enter, or press ? or * to list all spells.
You conjure some foxfire!
Your foxfire dissipates!
The foxfire hits Ijyb but does no damage.
Casting: Foxfire (safe; 3% risk of failure)
Confirm with . or Enter, or press ? or * to list all spells.
Flames lash Ijyb but do no damage.
Ijyb hits you with a +0 dagger.
The orc yells repeatedly, as Orcs often do.
Casting: Scorch (safe; 4% risk of failure)
Confirm with . or Enter, or press ? or * to list all spells.
Flames lash Ijyb.
Ijyb is lightly wounded.
Ijyb's fire resistance burns away.
Ijyb zaps a wand.
The bolt of acid hits you!!
Ouch! That really hurt!
* * * LOW HITPOINT WARNING * * *
Ijyb hits you with a +0 dagger.
* * * LOW HITPOINT WARNING * * *
Casting: Scorch (safe; 4% risk of failure)
Confirm with . or Enter, or press ? or * to list all spells.
Flames lash Ijyb but do no damage.
Ijyb zaps a wand.
The bolt of acid hits you!
You die...

...........#.........#
#.
####<......+.........+
.. ##)...###.........
## ##)#.## .......
#.....# ..... #.....#
... #.....# #'#
##.#########g#######
#.# ##.....@.......
#[# #..............
#.###...#########..
#.#....##obgW..©##.
#......#8.#...#.8#.
###.#..#g..#.#...#.
#.#..#.........#.
#...©#....©....#©..
#....#.........#..#


You could see Ijyb (combustible), kae's ghost, a gnoll, an orc, a goblin and a
bat.

Vanquished Creatures
  Jessica (D:2)
  An orc wizard (D:2)
  3 dart slugs
  2 orcs (D:3)
  5 endoplasms
  3 giant cockroaches
  2 goblins
  6 hobgoblins
  13 jackals
  4 quokkas
  7 ball pythons
  3 bats
  6 frilled lizards
  8 kobolds
  4 rats
68 creatures vanquished.

Vanquished Creatures (others)
  228 foxfires
228 creatures vanquished.

Grand Total: 296 creatures vanquished

Notes
Turn   | Place    | Note
-------+----------+-------------------------------------------
     0 | D:1      | kae the Demigod Fire Elementalist began the quest for the
                  | Orb.
     0 | D:1      | Reached XP level 1. HP: 14/14 MP: 5/5
    27 | D:1      | Reached skill level 1 in Conjurations
   359 | D:1      | Reached skill level 3 in Fire Magic
   359 | D:1      | Reached XP level 2. HP: 20/20 MP: 0/7
   718 | D:1      | Learned a level 2 spell: Scorch
   951 | D:1      | Found Kuong's Magic Scroll Emporium.
  1039 | D:1      | Reached XP level 3. HP: 26/26 MP: 5/8
  1043 | D:1      | Learned a level 3 spell: Conjure Flame
  1375 | D:2      | Noticed a great orb of eyes
  1376 | D:2      | Noticed Jessica
  1380 | D:2      | Killed Jessica
  1417 | D:2      | Noticed a shining eye
  1428 | D:2      | Noticed a shining eye
  2047 | D:2      | Reached XP level 4. HP: 17/33 MP: 0/10
  2365 | D:2      | Noticed a floating eye
  2837 | D:3      | Found Viun's Armour Boutique.
  2842 | D:3      | Bought a +0 buckler for 63 gold pieces
  2921 | D:3      | Found a transporter.
  2921 | D:3      | Noticed kae's ghost (amateur DrTm)
  3112 | D:3      | Found a transporter.
  3117 | D:3      | Noticed Ijyb
  3125 | D:3      | Killed from afar by Ijyb

Illustrated notes

Levels and vault maps discovered:
D:1:      dpeg_arrival_leaves_temple_mockup, layout_rooms, serial_shops, shop
D:2:      layout_loops_ring, hellmonk_ecumenical_altar_watching_god,
          dreamdust_wishing_well, due_unseen_surprise, uniq_jessica
D:3:      layout_loops_corners, zin_angel, gammafunk_ghost_arena, serial_shops,
          nicolae_shop_stone, nicolae_concentric_dashed_squares_wild, uniq_ijyb,
          uniq_natasha

Skill      XL: |  1  2  3 |
---------------+----------+-----
Conjurations   | 1 2 |  2.7
Fire Magic     | 3 |  3.9
Spellcasting   | 2 |  2.4
Dodging        | |  1.7
Stealth        | |  1.7

Action                   |  1- 3 |  4- 6 || total
-------------------------+-------+-------++-------
Melee: Unarmed           |    39 |     4 ||    43
 Cast: Foxfire           |    97 |    38 ||   135
       Scorch            |     5 |    10 ||    15
  Use: Potion            |     5 |       ||     5
       Scroll            |       |     1 ||     1
Armor: Robe              |    14 |     7 ||    21
Dodge: Dodged            |    70 |    19 ||    89

Table legend: (Time is in decaauts)
 A = Elapsed time spent in this place.
 B = Non-inter-level travel time spent in this place.
 C = Inter-level travel time spent in this place.
 D = Time resting spent in this place.
 E = Time spent auto-exploring this place.
 F = Levels seen in this place.
 G = Mean time per level.
                   A        B        C        D        E       F      G
               +--------+--------+--------+--------+--------+-----+--------+
         Total |   3125 |   3090 |     35 |    137 |   2443 |   3 | 1041.7 |
       Dungeon |   3125 |   3090 |     35 |    137 |   2443 |   3 | 1041.7 |
               +--------+--------+--------+--------+--------+-----+--------+

Top non-repeatable levels by time:
     D:2: 1349 daAuts
     D:1: 1320 daAuts
     D:3: 455 daAuts
